 Dungeon Crawl Stone Soup version 0.31-a0-233-g139696dc86 (webtiles) character file.

Game seed: 11179349987755587517

11 nono the Sneak (level 2, -6/6 (25) HPs)
             Began as a Formicid Delver on July 8, 2023.
             Mangled by Pargi (7 damage)
             ... on level 3 of the Dungeon.
             The game lasted 00:01:36 (206 turns).

nono the Sneak (Formicid Delver)                     Turns: 206, Time: 00:01:37

HP:   -6/6 (25)     AC:  3    Str: 16    XL:     2   Next: 40%
MP:   2/2           EV: 12    Int:  9    God:
Gold: 38            SH:  0    Dex: 15    Spells: 1/1 levels left

rFire   . . .        g - +2 demon whip (freeze)
rCold   . . .        (no shield)
rNeg    . . .        b - +0 leather armour
rPois   .            (helmet unavailable)
rElec   .            (no cloak)
rCorr   .            (no gloves)
SInv    +            (no boots)
Will    .....        (no amulet)
Stlth   +++          (no ring)
HPRegen 0.21/turn    (no ring)
MPRegen 0.08/turn

%: no passive effects
@: extremely drained
A: permanent stasis, dig shafts and tunnels, antennae 3, four strong arms
a: Dig, Shaft Self


You were on level 3 of the Dungeon.
You visited 1 branch of the dungeon, and saw 3 of its levels.

You collected 38 gold pieces.

Inventory:

Hand Weapons
 a - a +0 hand axe
 g - a +2 demon whip of freezing (weapon)
Armour
 b - a +0 leather armour (worn)
Wands
 d - a wand of flame (11)
 f - a wand of digging (3)
Scrolls
 c - a scroll of fog


   Skills:
 + Level 3.7 Fighting
 - Level 2.0(2.1) Axes
 + Level 1.2(1.8) Maces & Flails
 - Level 1.7 Dodging
 - Level 6.0 Stealth


You had one spell level left.
You didn't know any spells.
Your spell library was empty.

Dungeon Overview and Level Annotations

Branches:
Dungeon (5/15)
 Temple: D:4-7

Altars:

Annotations:
D:3 Ijyb, Pargi


Innate Abilities, Weirdness & Mutations

You cannot be hasted, slowed, berserked, paralysed or teleported.
You can dig through walls and to a lower floor.
You have a pair of large antennae on your head. (SInv)
Your four strong arms can wield two-handed weapons with a shield.


Message History

Ouch! That really hurt!
You hear a shout! x2
You aren't carrying any potions.
As you read the scroll of fear, it crumbles to dust.
You assume a fearsome visage.
Ijyb looks frightened!
You extend your mandibles.
You dig through the rock wall.
You feel drained.
You dig through the rock wall.
You feel drained.
You dig through the rock wall.
You feel drained.
You dig through the rock wall.
You feel drained.
You dig through the rock wall.
You feel drained.
You dig through the rock wall.
You feel drained.
You dig through the rock wall.
You feel drained.
You dig through the rock wall.
You feel drained.
You dig through the rock wall.
You feel drained.
You dig through the rock wall.
You feel drained.
You dig through the rock wall.
You feel drained.
You dig through the rock wall.
You feel drained.
You dig through the rock wall.
You feel drained.
You retract your mandibles.
Found 8 gold pieces.
You now have 38 gold pieces (gained 8).
Pargi the Meek comes into view.
Found a mace.
An endoplasm comes into view.
Pargi shouts!
The endoplasm quivers.
Pargi snarls, "My home!
Leave!"
The endoplasm jiggles.
You hit the endoplasm. You freeze the endoplasm. You punch the endoplasm.
The endoplasm is severely wounded.
The endoplasm freezes you.
You are frozen.
Ouch! That really hurt!
* * * LOW HITPOINT WARNING * * *
You whack the endoplasm! You freeze the endoplasm.
You kill the endoplasm!
You barely miss Pargi. Pargi bites you!
Ouch! That really hurt!
You die...

####### ########.....##
######..............
#..@T...............
#############.####..............
##...........#.# #..............
#.##########...# #..............
.######## #..### #..............
........###.## #..............)
#..{......#.# #................
#.........#.# #.#..............
#.......[...# #.#..............


You could see Pargi.

Vanquished Creatures
  An adder (D:3)
  An endoplasm (D:3)
  A hobgoblin (D:3)
3 creatures vanquished.

Notes
Turn   | Place    | Note
-------+----------+-------------------------------------------
     0 | D:5      | nono the Formicid Delver began the quest for the Orb.
     0 | D:5      | Reached XP level 1. HP: 18/18 MP: 1/1
   117 | D:3      | Noticed Ijyb
   119 | D:3      | Reached skill level 1 in Maces & Flails
   119 | D:3      | Reached XP level 2. HP: 18/24 MP: 2/2
   184 | D:3      | Noticed Pargi
   206 | D:3      | Mangled by Pargi

Illustrated notes

Levels and vault maps discovered:
D:3:      layout_basic, yredelemnul_altar_generic,
          chequers_temple_overflow_minitemple, kennysheep_path_1,
          wad_floor_pattern_2, uniq_ijyb, uniq_pargi
D:4:      layout_basic, tgw_xom, minmay_diced_spiral, uniq_crazy_yiuf_cottage,
          uniq_edmund, uniq_natasha
D:5:      layout_rooms, uniq_sigmund

Skill      XL: |  1 |
---------------+----+-----
Maces & Flails | 1 |  1.2
Fighting       | |  3.7
Axes           | |  2.0
Dodging        | |  1.7
Stealth        | |  6.0

Action                     || total
---------------------------++-------
  Melee: Demon whip        ||     8
         Punch             ||     1
Ability: Dig               ||     2
  Evoke: Wand              ||     1
    Use: Scroll            ||     2
  Dodge: Dodged            ||     1

Table legend: (Time is in decaauts)
 A = Elapsed time spent in this place.
 B = Non-inter-level travel time spent in this place.
 C = Inter-level travel time spent in this place.
 D = Time resting spent in this place.
 E = Time spent auto-exploring this place.
 F = Levels seen in this place.
 G = Mean time per level.
                   A        B        C        D        E       F      G
               +--------+--------+--------+--------+--------+-----+--------+
         Total |    205 |    205 |      0 |      0 |      0 |   3 |   68.3 |
       Dungeon |    205 |    205 |      0 |      0 |      0 |   3 |   68.3 |
               +--------+--------+--------+--------+--------+-----+--------+

Top non-repeatable levels by time:
     D:3: 141 daAuts
     D:4: 35 daAuts
     D:5: 27 daAuts
